 Dungeon Sprint DCSS version 0.30-a0-824-g6c64550be9 (webtiles) character file.

Game seed: 10367627113207299038

9300000 BigDaddyOpFi the Intangible (level 27, -62/186 (228) HPs)
             Began as a Djinni Earth Elementalist on Feb 27, 2023.
             Was the Champion of Makhleb.
             Killed from afar by a wretched soul (136 damage)
             ... with a bolt of negative energy
             ... in the Dungeon (Sprint VIII: "Arena of Blood").
             The game lasted 00:02:13 (93 turns).

BigDaddyOpFi the Intangible (DjEE)                    Turns: 93, Time: 00:02:13

HP:   -62/186 (228) AC:  4    Str:  7    XL:     27
Gold: 0             EV: 40    Int: 18    God:    Makhleb [******] SH:  0 Dex: 27

rFire   + + .      SeeInvis .    g - +∞ Axe of Woe
rCold   x . .      Faith    .    (shield currently unavailable)
rNeg    . . .      Spirit   .    a - +0 robe
rPois   ∞          Reflect  .    (no helmet)
rElec   .          Harm     .    (no cloak)
rCorr   .          Rampage  .    (no gloves)
Will    ++...      NoTele   +    (boots unavailable)
Stlth   ++++++++++               (no amulet)
HPRegen 0.51/turn                (no ring)
MPRegen 0.00/turn                (no ring)

@: calling dragons, flying, heavily drained
A: sickness immunity, fire resistance 2, cold vulnerability 1, float, innate
caster, HP casting, extra vitality 1
a: Renounce Religion, Minor Destruction, Lesser Servant of Makhleb, Major
Destruction, Greater Servant of Makhleb


You were in the Dungeon.
You worshipped Makhleb.
Makhleb was exalted by your worship.
You visited 1 branch

Inventory:

Hand Weapons
 g - the +∞ Axe of Woe (weapon)
   (You found it in the Dungeon)
Armour
 a - a +0 robe (worn)
Scrolls
 f - a scroll of blinking
Potions
 b - a potion of curing
 c - a potion of heal wounds
 d - a potion of haste
 e - a potion of berserk rage


   Skills:
 O Level 27 Fighting
 O Level 27 Short Blades
 O Level 27 Long Blades
 O Level 27 Axes
 O Level 27 Maces & Flails
 O Level 27 Polearms
 O Level 27 Staves
 O Level 27 Ranged Weapons
 O Level 27 Throwing
 O Level 27 Armour
 O Level 27 Dodging
 O Level 27 Stealth
 O Level 27 Shields
 O Level 27 Unarmed Combat
 O Level 27 Spellcasting
 O Level 27 Invocations
 O Level 27 Evocations


You knew the following spells:

 Your Spells              Type           Power      Damage    Failure   Level
a - Sandblast             Erth           100%       2d20      0%          1
b - Passwall              Tmut/Erth      73%        N/A       0%          2
c - Stone Arrow           Conj/Erth      100%       3d13      0%          3
d - Petrify               Tmut/Erth      88%        N/A       0%          4
e - Sting                 Tmut/Pois      100%       1d8       0%          1
f - Lesser Beckoning      Tloc           100%       N/A       0%          2
g - Kindle Blastsparks    Fire/Tloc/Air  100%       2d18      0%          3
h - Mephitic Cloud        Conj/Pois/Air  88%        N/A       0%          3
i - Agony                 Necr           88%        N/A       0%          5
j - Silence               Hex/Air        44%        N/A       0%          5
k - Conjure Ball Lightni  Conj/Air       44%        3x3d15    0%          6
l - Summon Hydra          Summ           44%        N/A       1%          7
m - Orb of Destruction    Conj           44%        9d12      1%          7
n - Haunt                 Necr/Summ      44%        N/A       1%          7
o - Disjunction           Tloc           44%        N/A       1%          8
p - Dragon's Call         Summ           44%        N/A       2%          9
q - Polar Vortex          Ice            44%        N/A       2%          9
Your spell library was empty.

Dungeon Overview and Level Annotations

Branches:
Dungeon (1/1)

Altars:
Makhleb


Innate Abilities, Weirdness & Mutations

You are immune to sickness and miasma.
You are immune to poison.
Your flesh is very heat resistant. (rF++)
You are vulnerable to cold. (rC-)
You float through the air rather than walking.
You learn spells naturally, not from books.
Your magical power is your life essence.
You have superior vitality. (+4 MHP)


Message History

The tyrant gestures wildly while chanting.
You hear a shout! x3
The tyrant gestures wildly while chanting.
You hear a shout!
The accursed gestures at you while chanting.
Something smites you!
* * * LOW HITPOINT WARNING * * *
The destroyer casts a spell at you.
The destroyer blinks!
You hear a shout! x2; You hear a roar!
You hear a shout!
A tyrant comes into view.
Unknown command.
You slash the meat berserker!
You slaughter the meat berserker joyfully.
You kill the meat berserker!
Makhleb accepts your kill.
You slice the meat berserker!!
You cleave the meat berserker in twain.
You kill the meat berserker!
Makhleb accepts your kill.
You feel better. A dragon arrives to answer your call!
You hear a shout!
Your storm dragon bites the bag of meat.
Your storm dragon claws the bag of meat.
Your storm dragon closely misses the bag of meat.
The tyrant mumbles some strange words.
Send 'em back where they came from!
Your storm dragon disappears in a puff of smoke!
Your fire dragon disappears in a puff of smoke!
A bag of meat comes into view. It is wielding a +9 war axe.
You hear a shout!
The tyrant waves its bony arms in wide circles.
The air twists around and strikes you!
You hear a shout! x2
A meat berserker comes into view. It is wielding a +9 battleaxe.
A bolt of negative energy appears from out of thin air!
Deactivating autopickup; reactivate with Ctrl-A.
The bolt of negative energy hits you!!!!
You feel drained.
Ouch! That really hurt!
You die...

...§§O .. ..o..
#. .L†O# #.. ..L#
XL .###..
O).###OL.
......###oXL.o.X.
.....O§§)XOoo.X.
#XX{)@#


#XLV§L# #o..))# ..W.L§XX.V.. ......###WXo... .###.. .M.###.. #.. ...# . #. ...#
.. ..... You could see an accursed, 2 tentacled monstrosities, 8 tyrants, 2
destroyers, 9 large abominations, 2 dreads, 6 meat berserkers and 6 bags of
meat.

Vanquished Creatures
  4 hell beasts (D)
  2 royal mummies (D)
  2 wraiths (D)
  9 vampire knights (D)
  26 ogres (D)
  5 two-headed ogres (D)
  A lich (D)
  A hydra (D)
  2 phantoms (D)
  44 orcs (D)
  4 skeletal warriors (D)
100 creatures vanquished.

Vanquished Creatures (collateral kills)
  An ogre (D)
  A hydra (D)
  2 orcs (D)
4 creatures vanquished.

Grand Total: 104 creatures vanquished

Notes
Turn   | Place    | Note
-------+----------+-------------------------------------------
     0 | D        | Found the +∞ Axe of Woe
     0 | D        | BigDaddyOpFi the Djinni Earth Elementalist began the quest
                  | for the Orb.
     0 | D        | BigDaddyOpFi set off with the following spells memorised:
                  | Sandblast, Passwall, Stone Arrow, Petrify.
     0 | D        | Reached XP level 1. HP: 15/15 MP: 0/0
     2 | D        | Noticed a bag of meat
     3 | D        | Noticed a bag of meat
     3 | D        | Noticed a bag of meat
     4 | D        | Became a worshipper of Makhleb the Destroyer
     4 | D        | Noticed a meat berserker
     5 | D        | Noticed a bag of meat
     7 | D        | Killed a bag of meat
     8 | D        | Reached skill level 10 in Dodging
     8 | D        | Reached XP level 2. HP: 35/35 MP: 0/0
     8 | D        | Reached XP level 3. HP: 40/40 MP: 0/0
     8 | D        | Learned a level 1 spell: Sting
     8 | D        | Reached XP level 4. HP: 46/46 MP: 0/0
     8 | D        | Reached XP level 5. HP: 51/51 MP: 0/0
     8 | D        | Learned a level 2 spell: Lesser Beckoning
     8 | D        | Reached XP level 6. HP: 58/58 MP: 0/0
     8 | D        | Reached XP level 7. HP: 62/62 MP: 0/0
     8 | D        | Learned a level 3 spell: Kindle Blastsparks
     8 | D        | Reached XP level 8. HP: 68/68 MP: 0/0
     8 | D        | Reached XP level 9. HP: 74/74 MP: 0/0
     8 | D        | Learned a level 3 spell: Mephitic Cloud
     8 | D        | Reached XP level 10. HP: 79/79 MP: 0/0
     8 | D        | Reached XP level 11. HP: 85/85 MP: 0/0
     8 | D        | Learned a level 5 spell: Agony
     8 | D        | Killed a bag of meat
     8 | D        | Reached * piety under Makhleb
     8 | D        | Killed a meat berserker
     8 | D        | Noticed a bag of meat
     9 | D        | Reached skill level 10 in Axes
     9 | D        | Reached skill level 10 in Spellcasting
     9 | D        | Reached XP level 12. HP: 96/96 MP: 0/0
     9 | D        | Reached XP level 13. HP: 102/102 MP: 0/0
     9 | D        | Learned a level 5 spell: Silence
     9 | D        | Killed a bag of meat
     9 | D        | Noticed a bag of meat
    10 | D        | Reached XP level 14. HP: 110/110 MP: 0/0
    10 | D        | Killed a bag of meat
    10 | D        | Reached ** piety under Makhleb
    11 | D        | Reached skill level 15 in Dodging
    14 | D        | Killed a bag of meat
    14 | D        | Noticed a bag of meat
    15 | D        | Killed a bag of meat
    15 | D        | Noticed a meat berserker
    15 | D        | Noticed a meat berserker
    16 | D        | Reached skill level 15 in Fighting
    16 | D        | Reached skill level 15 in Invocations
    16 | D        | Reached XP level 15. HP: 120/120 MP: 0/0
    16 | D        | Learned a level 6 spell: Conjure Ball Lightning
    16 | D        | Noticed a meat berserker
    16 | D        | Noticed a large bag of meat
    17 | D        | Noticed a destroyer
    19 | D        | Noticed a large bag of meat
    20 | D        | Killed a meat berserker
    20 | D        | Reached *** piety under Makhleb
    20 | D        | Killed a meat berserker
    20 | D        | Killed a meat berserker
    20 | D        | Noticed a meat berserker
    21 | D        | Reached skill level 15 in Axes
    21 | D        | Reached XP level 16. HP: 132/132 MP: 0/0
    21 | D        | Noticed a meat berserker
    22 | D        | Reached **** piety under Makhleb
    22 | D        | Killed a destroyer
    23 | D        | Reached skill level 15 in Spellcasting
    23 | D        | Reached XP level 17. HP: 141/141 MP: 0/0
    23 | D        | Learned a level 7 spell: Summon Hydra
    23 | D        | Noticed a destroyer
    23 | D        | Killed a large bag of meat
    24 | D        | Noticed a meat berserker
    25 | D        | Reached ***** piety under Makhleb
    25 | D        | Killed a destroyer
    26 | D        | Reached XP level 18. HP: 151/151 MP: 0/0
    26 | D        | Killed a large bag of meat
    26 | D        | Killed a meat berserker
    27 | D        | Reached XP level 19. HP: 104/162 MP: 0/0
    27 | D        | Learned a level 7 spell: Orb of Destruction
    27 | D        | Reached ****** piety under Makhleb
    27 | D        | Killed a meat berserker
    27 | D        | Noticed a meat berserker
    28 | D        | Reached XP level 20. HP: 157/171 MP: 0/0
    28 | D        | Killed a meat berserker
    29 | D        | Killed a meat berserker
    30 | D        | Reached skill level 27 in Dodging
    31 | D        | Reached XP level 21. HP: 170/182 MP: 0/0
    31 | D        | Learned a level 7 spell: Haunt
    36 | D        | Noticed a destroyer
    38 | D        | Noticed a meat berserker
    39 | D        | Noticed a destroyer
    41 | D        | Noticed a meat berserker
    41 | D        | Killed a meat berserker
    42 | D        | Reached skill level 27 in Fighting
    42 | D        | Reached skill level 27 in Armour
    42 | D        | Reached skill level 27 in Unarmed Combat
    42 | D        | Reached skill level 27 in Invocations
    42 | D        | Reached XP level 22. HP: 194/194 MP: 0/0
    42 | D        | Noticed a destroyer
    43 | D        | Noticed a large bag of meat
    44 | D        | Killed a destroyer
    44 | D        | Noticed a large bag of meat
    44 | D        | Noticed a destroyer
    45 | D        | Reached skill level 27 in Stealth
    45 | D        | Killed a destroyer
    45 | D        | Killed a destroyer
    46 | D        | Reached skill level 27 in Axes
    46 | D        | Reached skill level 27 in Spellcasting
    46 | D        | Noticed an eight-headed meat hydra
    47 | D        | Noticed a tyrant
    47 | D        | Killed a meat berserker
    48 | D        | Reached XP level 23. HP: 201/201 MP: 0/0
    48 | D        | Learned a level 8 spell: Disjunction
    52 | D        | Killed a large bag of meat
    52 | D        | Noticed a large bag of meat
    53 | D        | Killed a large bag of meat
    53 | D        | Noticed a destroyer
    55 | D        | Noticed a destroyer
    56 | D        | Noticed an accursed
    58 | D        | Killed a destroyer
    59 | D        | Reached XP level 24. HP: 79/208 MP: 0/0
    60 | D        | Noticed a dread
    60 | D        | Killed a dread
    60 | D        | Killed a destroyer
    61 | D        | Killed a tyrant
    62 | D        | Reached skill level 27 in Maces & Flails
    62 | D        | Reached skill level 27 in Polearms
    62 | D        | Noticed a meat beast
    63 | D        | Killed a large bag of meat
    64 | D        | Reached XP level 25. HP: 124/214 MP: 0/0
    64 | D        | Learned a level 9 spell: Dragon's Call
    64 | D        | Noticed a dread
    64 | D        | HP: 1/214 [meat berserker/+9 battleaxe (58)]
    67 | D        | Killed a destroyer
    68 | D        | Reached skill level 27 in Staves
    68 | D        | Killed a meat beast
    68 | D        | Killed an accursed
    69 | D        | Reached skill level 15 in Shields
    69 | D        | Reached skill level 15 in Evocations
    69 | D        | Reached XP level 26. HP: 107/221 MP: 0/0
    70 | D        | Killed a dread
    71 | D        | Reached skill level 15 in Ranged Weapons
    71 | D        | Reached skill level 15 in Throwing
    72 | D        | Reached XP level 27. HP: 180/228 MP: 0/0
    72 | D        | Learned a level 9 spell: Polar Vortex
    73 | D        | Noticed a meat beast
    73 | D        | Noticed a destroyer
    76 | D        | Killed a meat beast
    78 | D        | Killed a destroyer
    80 | D        | Noticed a meat beast
    81 | D        | Noticed a meat beast
    84 | D        | Noticed a destroyer
    84 | D        | Noticed a tyrant
    85 | D        | Killed a meat beast
    85 | D        | Killed a meat beast
    85 | D        | Noticed a tyrant
    86 | D        | Reached skill level 27 in Short Blades
    86 | D        | Reached skill level 27 in Long Blades
    86 | D        | Reached skill level 27 in Ranged Weapons
    86 | D        | Reached skill level 27 in Throwing
    86 | D        | Reached skill level 27 in Shields
    86 | D        | Reached skill level 27 in Evocations
    86 | D        | Noticed a destroyer
    86 | D        | Noticed an accursed
    86 | D        | Noticed a dread
    86 | D        | Noticed a tyrant
    87 | D        | Noticed a tyrant
    88 | D        | Noticed a tyrant
    89 | D        | Noticed a tyrant
    89 | D        | Noticed a tyrant
    89 | D        | Noticed a dread
    90 | D        | Noticed an accursed
    91 | D        | Killed an accursed
    93 | D        | Noticed a tyrant
    93 | D        | Killed from afar by a wretched soul

Illustrated notes

Levels and vault maps discovered:
D:        meatsprint

Skill      XL: |  1  2  3  4  5  6  7  8  9 10 11 12 13 14 15 16 17 18 19 20 21 22 23 24 25 26 27 |
---------------+----------------------------------------------------------------------------------+-----
Fighting       | 9 12 13 15 17 19 20 22 23 25 27 | 27.0
Axes           | 7 10 11 12 15 16 17 19 20 21 23 27 | 27.0
Armour         | 9 12 13 14 17 19 20 22 23 25 27 | 27.0
Dodging        | 10 13 14 16 19 20 22 24 25 27 | 27.0
Stealth        | 8 11 12 13 16 17 19 20 21 23 25 27 | 27.0
Unarmed Combat | 9 12 13 14 17 19 20 22 23 25 27 | 27.0
Spellcasting   | 7 10 11 14 15 16 17 18 20 22 27 | 27.0
Invocations    | 9 12 13 15 17 19 20 22 23 25 27 | 27.0
Maces & Flails | 14 22 27 | 27.0
Polearms       | 14 22 27 | 27.0
Staves         | 19 27 | 27.0
Short Blades   | 17 20 27 | 27.0
Long Blades    | 14 17 27 | 27.0
Ranged Weapons | 13 15 27 | 27.0
Throwing       | 13 15 27 | 27.0
Shields        | 15 18 27 | 27.0
Evocations     | 15 18 27 | 27.0

Action                     |  1- 3 |  4- 6 |  7- 9 | 10-12 | 13-15 | 16-18 | 19-21 | 22-24 | 25-27 || total
---------------------------+-------+-------+-------+-------+-------+-------+-------+-------+-------++-------
  Melee: Executioner's axe |     1 |       |       |     1 |     5 |     4 |    10 |    16 |    23 ||    60
   Cast: Silence           |       |       |       |       |     1 |       |       |       |       ||     1
         Haunt             |       |       |       |       |       |       |       |     1 |       ||     1
         Dragon's Call     |       |       |       |       |       |       |       |       |     1 ||     1
  Dodge: Dodged            |     1 |       |       |       |       |       |       |       |     3 ||     4

Table legend: (Time is in decaauts)
 A = Elapsed time spent in this place.
 B = Non-inter-level travel time spent in this place.
 C = Inter-level travel time spent in this place.
 D = Time resting spent in this place.
 E = Time spent auto-exploring this place.
 F = Levels seen in this place.
 G = Mean time per level.
                   A        B        C        D        E       F      G
               +--------+--------+--------+--------+--------+-----+--------+
         Total |     82 |     82 |      0 |      0 |      0 |   1 |   82.0 |
       Dungeon |     82 |     82 |      0 |      0 |      0 |   1 |   82.0 |
               +--------+--------+--------+--------+--------+-----+--------+

Top non-repeatable levels by time:
       D: 82 daAuts
